 Dungeon Crawl Stone Soup version 0.25-a0-404-gc1b5a34 (webtiles) character file.

Game seed: 8102902624221607855, levelgen mode: deterministic

5032 Birdy the Martial Artist (level 10, -7/46 HPs)
             Began as a Vine Stalker Gladiator on Jan 11, 2020.
             Was a Believer of Wu Jian.
             Mangled by a sixfirhy (9 damage)
             ... on level 2 of the Abyss.
             The game lasted 00:15:14 (6987 turns).

Birdy the Martial Artist (Vine Stalker Gladiator)   Turns: 6987, Time: 00:15:16

Health: -7/46      AC:  8    Str: 18    XL:     10   Next: 55%
Magic:  0/29       EV: 13    Int:  8    God:    Wu Jian [**....]
Gold:   704        SH:  0    Dex: 18    Spells: 24/24 levels left

rFire    + . .     SeeInvis .     - Unarmed
rCold    . . .     Gourm    .   (no shield)
rNeg     . . .     Faith    .   y - +3 leather armour {rF+}
rPois    .         Spirit   +   b - +0 helmet
rElec    .         Reflect  .   (no cloak)
rCorr    .         Harm     .   z - +0 pair of gloves
MR       +....     Clarity  +   (no boots)
Stlth    ++++......             (no amulet)
HPRegen  0.55/turn              e - ring of magical power
MPRegen  0.21/turn              (no ring)

@: about to teleport
A: fangs 3, clarity, low mp 1, regeneration 1, magic shield, antimagic bite, no
potion heal 3, rot immunity
a: Wall Jump, Renounce Religion


You were on level 2 of the Abyss.
You worshipped Wu Jian.
Wu Jian was pleased with you.
You were not hungry.

You visited 2 branches of the dungeon, and saw 9 of its levels.
You visited the Abyss 1 time.
You also visited: Ossuary.

You collected 704 gold pieces.

Inventory:

Armour
 b - a +0 helmet (worn)
 y - a +3 leather armour of fire resistance (worn)
 z - a +0 pair of gloves (worn)
Jewellery
 e - a ring of magical power (left hand)
Wands
 k - a wand of clouds (4)
 w - a wand of iceblast (8)
 x - a wand of paralysis (8)
 G - a wand of flame (19)
Scrolls
 a - 2 scrolls of blinking
 f - a scroll of amnesia
 i - 4 scrolls of remove curse
 j - 2 scrolls of fog
 m - 4 scrolls of teleportation
 n - a scroll of brand weapon
 o - 9 scrolls of enchant armour
 q - a scroll of magic mapping
 u - a scroll of fear
 v - 2 scrolls of immolation
 C - a scroll of silence
Potions
 c - a potion of haste {unknown}
 g - a potion of lignification
 h - 5 potions of curing
 p - a potion of magic
 r - a potion of resistance {unknown}
 s - a potion of berserk rage {unknown}
 t - 5 potions of agility {unknown}
 A - 3 potions of might {unknown}
 B - a potion of flight {unknown}
 D - a potion of degeneration {unknown}
 E - a potion of invisibility {unknown}
Comestibles
 d - 15 rations


   Skills:
 - Level 2.0 Fighting
 - Level 1.7 Throwing
 - Level 3.0 Dodging
 + Level 9.8 Stealth
 * Level 10.9 Unarmed Combat
 + Level 7.5 Spellcasting


You had 24 spell levels left.
You didn't know any spells.
Your spell library was empty.

Dungeon Overview and Level Annotations

Branches:
Dungeon (8/15)             Temple (1/1) D:5         Ossuary (visited)
   Lair: D:8-11

Altars:
Dithmenos
Elyvilon
Gozag
Hepliaklqana
Nemelex Xobeh
Okawaru
Qazlal
Trog
Uskayaw
Vehumet
Wu Jian
Xom
Yredelemnul
Zin
The Shining One

Annotations:
D:4 1 runed translucent door, Rydian's ghost, novice GnWr
D:8 3 runed translucent doors, CowFu's ghost, novice DsFi; Joseph


Innate Abilities, Weirdness & Mutations

You have razor-sharp teeth.
Your natural rate of healing is unusually fast.
When hurt, damage is shared between your health and your magic reserves.
Your bite disrupts and absorbs the magic of your enemies.
Potions cannot restore your health.
You are immune to rotting.
You possess an exceptional clarity of mind.
Your magical capacity is low. (-10% MP)


Message History

Unknown command.
Press: ? - help, v - describe, . - travel
Here: a sixfirhy The floor.
Okay, then.
As you read the scroll of teleportation, it crumbles to dust.
You feel strangely unstable.
You feel the power of the Abyss delaying your translocation!
The sixfirhy closely misses you. The sixfirhy hits you!
The sixfirhy shocks you!
* * * LOW HITPOINT WARNING * * *
The sixfirhy hits you but does no damage.
The sixfirhy hits you.
* * * LOW HITPOINT WARNING * * *
The sixfirhy shocks you!
* * * LOW HITPOINT WARNING * * *
The sixfirhy hits you.
* * * LOW HITPOINT WARNING * * *
The sixfirhy shocks you!
You die...

#.............
#........... .
#.#.#....##.. #
##.####..# # .
##(.#..3## ...#
##...###.###### #.
#...#(.#..
....##.#..3##.# #
.# ## #...@..#
...#.. #..#.....#
.#. .x#..#....#..#
. .#
#.#......#.#### #
.
.###....#...#..###
## #####.....###.
#.#.... . . ..####
..# # .# # . ###


You could see a sixfirhy.

Vanquished Creatures
  Harold (D:7)
  Pikel (D:5)
  2 hippogriffs (D:8)
  A wyvern (D:8)
  Edmund (D:4)
  Duvessa (D:5)
  2 ice beasts
  3 phantoms
  4 ogres
  2 centaurs
  A crocodile (D:7)
  An elf zombie (D:5)
  4 bullfrogs
  Dowan (D:5)
  3 elf skeletons (D:5)
  A scorpion (D:8)
  9 killer bees (D:7)
  4 wights (D:6)
  3 howler monkeys
  A crimson imp (D:8)
  2 human zombies (D:5)
  2 orc priests
  2 hounds
  A jelly (D:6)
  A human skeleton (D:5)
  Ijyb (D:3)
  An iguana (D:7)
  An orc wizard (D:8)
  A worker ant (D:3)
  2 killer bee zombies
  A big kobold zombie (Ossuary)
  2 hound zombies
  8 mummies (Ossuary)
  A howler monkey skeleton (D:6)
  A worker ant zombie (D:6)
  4 gnolls (D:4)
  6 adders
  A shadow imp (D:5)
  4 oozes
  2 adder zombies
  3 worms
  8 leopard geckos
  15 orcs
  8 bats
  7 giant cockroaches
  15 goblins
  11 hobgoblins
  4 jackals (D:1)
  4 quokkas
  10 frilled lizards
  A gnoll zombie (Ossuary)
  2 hobgoblin zombies (Ossuary)
  A jackal skeleton (D:6)
  14 kobolds
  2 kobold zombies (Ossuary)
  A leopard gecko skeleton (D:6)
  2 orc skeletons (D:5)
  4 orc zombies
  A quokka skeleton (D:6)
  A quokka zombie (D:5)
  14 rats
218 creatures vanquished.

Vanquished Creatures (others)
  A jelly (D:8)
1 creature vanquished.

Grand Total: 219 creatures vanquished

Notes
Turn   | Place    | Note
-------+----------+-------------------------------------------
     0 | D:1      | Birdy the Vine Stalker Gladiator began the quest for the
                  | Orb.
     0 | D:1      | Reached XP level 1. HP: 11/11 MP: 2/2
    86 | D:1      | Reached XP level 2. HP: 10/15 MP: 1/3
   115 | D:1      | Reached skill level 1 in Stealth
   465 | D:1      | Reached XP level 3. HP: 11/18 MP: 3/5
   467 | D:1      | Reached skill level 1 in Spellcasting
  1166 | D:1      | You fall into a shaft and drop 1 floor!
  1262 | D:2      | Gained mutation: Your natural rate of healing is unusually
                  | fast. [Vine Stalker growth]
  1262 | D:2      | Reached XP level 4. HP: 11/23 MP: 4/7
  1386 | D:2      | Found an iron altar of Okawaru.
  2163 | D:3      | Reached XP level 5. HP: 16/26 MP: 7/9
  2226 | D:3      | Reached skill level 4 in Unarmed Combat
  2254 | D:3      | Noticed Ijyb
  2265 | D:3      | Paralysed by Ijyb for 2 turns
  2293 | D:3      | Paralysed by Ijyb for 6 turns
  2305 | D:3      | Killed Ijyb
  2786 | D:4      | Found a runed translucent door.
  2856 | D:4      | Noticed a phantom
  2885 | D:4      | Killed a phantom
  2885 | D:4      | Reached XP level 6. HP: 28/30 MP: 11/11
  2901 | D:4      | Noticed a phantom
  2920 | D:4      | Killed a phantom
  2920 | D:4      | Reached skill level 5 in Unarmed Combat
  2980 | D:4      | Got a brightly glowing dagger
  2981 | D:4      | Identified the cursed +1 dagger of Dismay {flame, rN+ Str+4
                  | Int+2} (You found it on level 4 of the Dungeon)
  3055 | D:4      | Noticed Edmund
  3112 | D:4      | Killed Edmund
  3112 | D:4      | Reached XP level 7. HP: 14/35 MP: 12/12
  3739 | D:4      | Noticed Rydian's ghost (novice GnWr)
  3769 | D:5      | Entered Level 5 of the Dungeon
  3923 | D:5      | Noticed Dowan
  3924 | D:5      | Noticed Duvessa
  4045 | D:5      | Killed Duvessa
  4045 | D:5      | Reached skill level 5 in Stealth
  4045 | D:5      | Reached skill level 6 in Unarmed Combat
  4049 | D:5      | Killed Dowan
  4229 | D:5      | Gained mutation: You have razor-sharp teeth. [Vine Stalker
                  | growth]
  4229 | D:5      | Reached XP level 8. HP: 35/39 MP: 15/15
  4249 | D:5      | Found a sand-covered staircase.
  4254 | Ossuary  | Entered an ossuary
  4382 | Ossuary  | Reached skill level 7 in Unarmed Combat
  4621 | D:5      | Gained mutation: Your magical capacity is low. (-10% MP)
                  | [potion of mutation]
  4621 | D:5      | Gained mutation: You possess an exceptional clarity of
                  | mind. [potion of mutation]
  4677 | D:5      | Found a staircase to the Ecumenical Temple.
  4679 | D:5      | Noticed Pikel
  4690 | Temple   | Entered the Ecumenical Temple
  4790 | Temple   | Became a worshipper of the Wu Jian Council
  4837 | D:5      | Killed Pikel
  4837 | D:5      | Reached skill level 8 in Unarmed Combat
  4837 | D:5      | Reached skill level 5 in Spellcasting
  4837 | D:5      | Reached XP level 9. HP: 40/42 MP: 16/16
  5537 | D:6      | Found a shadowy altar of Dithmenos.
  5572 | D:6      | Reached * piety under Wu Jian
  5577 | D:6      | Got a heavy robe
  5588 | D:6      | Identified the +1 robe of Jigsaw {*Slow rC+ Str+2 Int+4}
                  | (You found it on level 6 of the Dungeon)
  5709 | D:6      | Reached skill level 9 in Unarmed Combat
  6172 | D:7      | Noticed Harold
  6187 | D:7      | Killed Harold
  6187 | D:7      | Reached skill level 10 in Unarmed Combat
  6187 | D:7      | Reached XP level 10. HP: 21/46 MP: 15/19
  6479 | D:7      | Found a shadowy altar of Dithmenos.
  6620 | D:8      | Found a radiant altar of Vehumet.
  6691 | D:8      | Reached ** piety under Wu Jian
  6866 | D:8      | Found a runed translucent gate.
  6866 | D:8      | Found a runed translucent gate.
  6871 | D:8      | Found a runed translucent gate.
  6879 | D:8      | Noticed Joseph
  6890 | D:8      | Noticed CowFu's ghost (novice DsFi)
  6896 | D:8      | Cast into level 2 of the Abyss (Joseph)
  6978 | Abyss:2  | Noticed a sixfirhy
  6987 | Abyss:2  | HP: 2/46 [sixfirhy (2)]
  6987 | Abyss:2  | Mangled by a sixfirhy

Levels and vault maps discovered:
D:1:      dpeg_arrival_water_fire, layout_loops_ring
D:2:      layout_basic, okawaru_trees_1
D:3:      minmay_inner_zag, layout_rooms, first_ration, uniq_ijyb
D:4:      layout_cave_pods, ebering_ghost_reflecting_pool, uniq_edmund
D:5:      layout_basic, temple_fountains, nicolae_ossuary_entry_catacombs,
          uniq_pikel, uniq_duvessa
D:6:      layout_loops_ring, grunt_dithmenos_smoke_and_mirrors
D:7:      layout_loops_ring, lemuel_crystal_altar, uniq_harold
D:8:      layout_cave_pools, gammafunk_ghost_spectres, blue_anna_alchemist
          [blue_anna_fruit_fields, blue_anna_fruit_fields],
          vehumet_altar_wand_db, uniq_joseph
Temple:   kilobyte_greek_temple
Abyss:2:  base: D:1, base: D:12, evilmike_abyss_exit_mutagenic

Skill      XL: |  1  2  3  4  5  6  7  8  9 |
---------------+----------------------------+-----
Fighting       | 2 |  2.0
Stealth        | 1 2 3 4 5 7 9 |  9.8
Spellcasting   | 1 2 3 4 5 7 |  7.5
Dodging        | 3 |  3.0
Unarmed Combat | 4 5 6 8 10 | 10.9
Throwing       | |  1.7

Action                   |  1- 3 |  4- 6 |  7- 9 | 10-12 || total
-------------------------+-------+-------+-------+-------++-------
Melee: Unarmed           |   116 |   269 |   363 |    94 ||   842
       Bite              |    27 |    87 |   142 |    36 ||   292
       Punch             |       |     6 |    16 |     5 ||    27
Throw: Throwing net      |       |       |    10 |     2 ||    12
       Dart              |       |       |    12 |     7 ||    19
Invok: Lunge             |       |       |    12 |     5 ||    17
       Whirlwind         |       |       |       |     4 ||     4
Evoke: Wand              |       |       |     5 |       ||     5
  Use: Scroll            |       |     6 |    11 |     1 ||    18
       Potion            |       |       |     2 |       ||     2
 Stab: Sleeping          |     2 |    10 |    13 |     1 ||    26
       Paralysed         |       |       |     2 |       ||     2
       Held in net/web   |       |       |     3 |       ||     3
       Distracted        |       |       |     2 |       ||     2
  Eat: Chunk             |     1 |     5 |     8 |     3 ||    17
       Ration            |       |       |     1 |       ||     1
Armor: Leather armour    |    30 |    54 |    61 |    34 ||   179
Dodge: Dodged            |    69 |   173 |   201 |    71 ||   514

Table legend:
 A = Non-vault XP
 B = Vault XP
 C = Vault XP percentage of total XP
 D = Non-vault monster count
 E = Vault monster count
 F = Vault count percentage of total count
                 A         B        C        D         E       F
            +---------+---------+-------+---------+---------+-------
      Total |    4439 |    2750 |  38.3 |     180 |      39 |  17.8
            +---------+---------+-------+---------+---------+-------
        D:1 |      70 |       0 |   0.0 |      35 |       0 |   0.0
        D:2 |      68 |       0 |   0.0 |      27 |       0 |   0.0
        D:3 |      77 |      57 |  42.5 |      26 |       6 |  18.8
        D:4 |     330 |     169 |  33.9 |      14 |       1 |   6.7
        D:5 |     199 |    1365 |  87.3 |       8 |      14 |  63.6
        D:6 |    1021 |       0 |   0.0 |      26 |       0 |   0.0
        D:7 |     984 |     981 |  49.9 |      22 |       1 |   4.3
        D:8 |    1690 |       2 |   0.1 |      22 |       1 |   4.3
    Ossuary |       0 |     176 | 100.0 |       0 |      16 | 100.0
            +---------+---------+-------+---------+---------+-------
